Map: Frozen Temple

Players

RallosZek - Winner!

  • Race: Terran Terran
  • League: Diamond

OneTrickPony

  • Race: Protoss Protoss
  • League: Diamond

VOD

Have the link to the VOD?

Description

Time

  • Played on: Aug. 7, 2016, 11:28 a.m.
  • Length: 9:00
Show
View Real Time Build Order
Export as new Build Order

RallosZek Terran - Winner!

Build Orders: Reaper Expand, MMM Bio 

Get SALT Encoding   

  12  0:01  SCV  
  13  0:13  SCV  
  14  0:18  Supply Depot  
  14  0:25  SCV  
  15  0:39  SCV  
  15  0:41  Barracks  
  16  0:46  Refinery  
  16  0:52  SCV  
  17  1:04  SCV  
  18  1:16  SCV  
  19  1:28  Orbital Command  
  19  1:30  Reaper  
  20  1:41  Command Center  
  20  1:52  Supply Depot  
  20  1:55  SCV  
  21  2:08  SCV  
  22  2:09  Barracks Reactor  
  22  2:14  Barracks  
  22  2:20  SCV  
  23  2:25  Factory  
  23  2:29  Refinery  
  23  2:32  SCV  
  24  2:44  SCV  
  24  2:49  Marine x2  
  27  2:56  SCV  
  28  3:01  Orbital Command  
  28  3:03  Barracks Tech Lab  
  28  3:07  Marine x2  
  28  3:09  SCV  
  28  3:11  Starport  
  28  3:12  Widow Mine  
  33  3:21  SCV  
  33  3:24  Marine  
  33  3:25  Marine  
  33  3:27  Stimpack  
  36  3:31  SCV  
  36  3:33  Marine  
  38  3:38  SCV  
  39  3:42  Factory Reactor  
  39  3:44  Marine  
  39  3:45  Marine  
  41  3:55  Bunker  
  41  3:58  Supply Depot, SCV  
  41  4:01  Medivac, Supply Depot  
  41  4:02  SCV  
  45  4:04  Marine, Refinery  
  46  4:19  Marine x2  
  46  4:22  Marine  
  46  4:23  SCV  
  50  4:27  Barracks  
  50  4:35  SCV  
  51  4:47  Medivac x2  
  51  4:48  Marine x3  
  57  4:53  Supply Depot  
  57  4:55  Engineering Bay  
  57  4:57  SCV  
  58  5:01  SCV  
  59  5:10  Barracks x2  
  59  5:12  SCV  
  60  5:18  Medivac, Barracks Reactor  
  60  5:19  Medivac  
  64  5:21  Supply Depot  
  64  5:23  Supply Depot  
  64  5:29  Missile Turret  
  64  5:31  Missile Turret  
  64  5:32  SCV, Missile Turret  
  64  5:33  SCV  
  66  5:38  Combat Shields  
  66  5:40  Widow Mine  
  68  5:46  SCV, Terran Infantry Weapons Level 1  
  69  5:52  Marine x2  
  69  5:53  SCV, Refinery  
  69  5:55  Marine  
  69  5:56  Marine  
  74  5:58  Barracks Tech Lab  
  74  6:00  SCV, Barracks Tech Lab  
  74  6:01  Liberator  
  75  6:04  Liberator  
  75  6:05  Supply Depot  
  75  6:07  Marine  
  75  6:11  Marine x2  
  76  6:12  SCV  
  76  6:16  Supply Depot  
  79  6:23  Concussive Shells  
  85  6:27  Marine x3  
  85  6:29  Marine  
  85  6:30  Marine  
  92  6:40  Marauder  
  92  6:41  Marine  
  92  6:46  Supply Depot x2  
  94  6:48  Marauder  
  94  6:49  Marauder  
  94  6:50  Liberator  
  94  6:53  Marine  
  94  6:54  Marine  
  99  7:00  Marine x2  
  101  7:07  Marauder  
  106  7:09  Marauder  
  106  7:10  Marauder  
  106  7:11  Marine x2  
  112  7:17  Marine  
  112  7:18  Marine  
  112  7:19  Supply Depot  
  114  7:29  Marauder  
  116  7:31  Marauder, Liberator  
  116  7:33  Liberator  
  104  7:45  Marine  
  104  7:46  Marauder, Marine x3  
  104  7:50  Marauder  
  117  7:52  Marauder  
  119  8:03  Marine x2  
  119  8:04  Marine  
  119  8:05  Supply Depot  
  122  8:07  Marauder  
  121  8:19  Marauder x2, Marine  
  107  8:21  Marine x3  
  109  8:28  Marauder  
  111  8:37  Marine  
  111  8:39  Marine x3  
Show
View Real Time Build Order
Export as new Build Order

OneTrickPony Protoss 

Build Orders: 1 Gate Expand, Blink Stalkers 

Get SALT Encoding   

  12  0:02  Probe (Chrono Boost)  
  13  0:12  Probe (Chrono Boost)  
  14  0:18  Pylon  
  14  0:25  Probe (Chrono Boost)  
  15  0:38  Gateway  
  15  0:41  Assimilator  
  15  0:43  Probe (Chrono Boost)  
  16  0:54  Probe (Chrono Boost)  
  17  1:04  Probe (Chrono Boost)  
  18  1:22  Nexus  
  18  1:30  Cybernetics Core  
  18  1:33  Probe (Chrono Boost)  
  18  1:37  Assimilator  
  19  1:44  Probe (Chrono Boost)  
  20  1:54  Pylon, Probe (Chrono Boost)  
  20  1:59  Warp Gate  
  21  2:08  Probe (Chrono Boost)  
  21  2:13  Stalker  
  23  2:24  Twilight Council  
  23  2:29  Probe (Chrono Boost)  
  24  2:37  Probe (Chrono Boost)  
  24  2:41  Probe (Chrono Boost)  
  24  2:45  Blink  
  24  2:48  Probe (Chrono Boost)  
  25  2:53  Probe (Chrono Boost)  
  27  2:59  Probe (Chrono Boost)  
  27  3:05  Probe (Chrono Boost)  
  28  3:09  Gateway  
  28  3:17  Gateway  
  28  3:22  Probe (Chrono Boost)  
  28  3:26  Probe (Chrono Boost)  
  30  3:32  Stalker  
  33  3:35  Probe (Chrono Boost)  
  33  3:39  Probe (Chrono Boost)  
  36  3:49  Pylon, Mothership Core (Chrono Boost)  
  36  3:51  Probe (Chrono Boost)  
  37  4:01  Robotics Facility  
  38  4:03  Probe (Chrono Boost)  
  38  4:09  Probe (Chrono Boost)  
  39  4:15  Pylon, Probe (Chrono Boost)  
  40  4:21  Probe (Chrono Boost)  
  41  4:24  Assimilator  
  41  4:25  Assimilator  
  41  4:28  Probe (Chrono Boost)  
  43  4:33  Probe (Chrono Boost)  
  43  4:37  Pylon  
  44  4:40  Probe (Chrono Boost)  
  44  4:43  Pylon  
  44  4:45  Probe (Chrono Boost)  
  45  4:52  Probe (Chrono Boost)  
  46  4:56  Resonating Glaives  
  46  4:57  Probe (Chrono Boost)  
  46  4:59  Stalker x2  
  51  5:00  Stalker, Warp Prism  
  51  5:04  Probe (Chrono Boost)  
  56  5:09  Probe (Chrono Boost)  
  57  5:16  Probe (Chrono Boost)  
  59  5:21  Probe (Chrono Boost)  
  59  5:25  Gateway  
  59  5:28  Robotics Bay  
  59  5:36  Gateway  
  59  5:37  Observer  
  59  5:42  Stalker  
  62  5:43  Stalker  
  62  5:48  Stalker  
  66  6:05  Nexus  
  66  6:13  Stalker x3  
  72  6:20  Gateway  
  72  6:22  Pylon, Disruptor  
  72  6:31  Stalker  
  73  6:45  Probe (Chrono Boost)  
  75  6:47  Probe (Chrono Boost)  
  75  6:51  Pylon  
  75  6:53  Disruptor  
  75  6:56  Forge  
  75  6:58  Forge  
  78  7:04  Probe (Chrono Boost)  
  78  7:05  Probe (Chrono Boost)  
  78  7:07  Pylon  
  80  7:12  Pylon, Adept x3  
  80  7:14  Adept  
  88  7:18  Adept  
  90  7:30  Immortal  
  89  7:51  Stalker x2  
  89  7:52  Stalker, Adept x2  
  89  7:53  Adept  
  101  8:07  Observer  
  101  8:08  Probe (Chrono Boost)  
  83  8:25  Stalker x3  
  83  8:26  Stalker x2  
  80  8:37  Pylon  
  83  8:42  Pylon  
  78  8:49  Adept x5  
  78  8:50  Adept  
Tags
 
Add a new tag
Caveats
  • Supply blocks, unpowered buildings, or Contaminate may cause inaccurate times.
  • Supply counts are checked every 10 seconds.